 Dungeon Crawl Stone Soup version 0.24-a0-640-ge7cd8ce796 (webtiles) character file.

Game seed: 8598914939791563861, levelgen mode: deterministic

100 MalarOregon the Magician (level 4, -5/36 HPs)
             Began as a Draconian Wizard on Sept 25, 2019.
             Killed by divine providence
             ... invoked by an orc priest
              (15 damage)
             ... on level 3 of the Dungeon.
             The game lasted 00:05:46 (2798 turns).

MalarOregon the Magician (Draconian Wizard)         Turns: 2798, Time: 00:05:47

Health: -5/36      AC:  6    Str:  9    XL:     4   Next: 47%
Magic:  1/9        EV: 12    Int: 20    God:
Gold:   140        SH:  0    Dex:  9    Spells: 5/10 levels left

rFire    . . .     SeeInvis .   c - +1 dagger (elec)
rCold    . . .     Gourm    .   (no shield)
rNeg     . . .     Faith    .   (armour unavailable)
rPois    .         Spirit   .   a - +0 hat
rElec    .         Reflect  .   (no cloak)
rCorr    .         Harm     .   (no gloves)
MR       .....                  x - +0 pair of boots
Stlth    ++........             (no amulet)
HPRegen  0.12/turn              (no ring)
MPRegen  0.11/turn              (no ring)

@: no status effects
A: unfitting armour, cold-blooded, AC +5
a: no special abilities


You were on level 3 of the Dungeon.
You were not hungry.

You visited 1 branch of the dungeon, and saw 3 of its levels.

You collected 140 gold pieces.

Inventory:

Hand Weapons
 c - a +1 dagger of electrocution (weapon)
   (You took it off a kobold on level 1 of the Dungeon)
Missiles
 w - 6 curare-tipped darts (quivered) {!f}
Armour
 a - a +0 hat (worn)
 x - a +0 pair of boots (worn)
   (You found it on level 3 of the Dungeon)
Jewellery
 o - an uncursed ring of magical power {unknown}
   (You found it on level 1 of the Dungeon)
 p - a +2 ring of strength {unknown}
   (You found it on level 1 of the Dungeon)
 q - an uncursed amulet of rage {unknown}
   (You found it on level 2 of the Dungeon)
 s - an uncursed ring of protection from magic {unknown}
   (You found it on level 3 of the Dungeon)
 v - an uncursed amulet of rage {unknown}
   (You found it on level 3 of the Dungeon)
Scrolls
 d - a scroll of fog {unknown}
 f - a scroll of teleportation {unknown}
 g - a scroll of fear {unknown}
 h - a scroll of random uselessness {unknown}
 l - 8 scrolls of identify {unknown}
 m - a scroll of enchant weapon {unknown}
 n - a scroll of remove curse {unknown}
 r - a scroll of noise {unknown}
 y - a scroll of blinking {unknown}
Potions
 b - a potion of invisibility {unknown}
 i - a potion of brilliance {unknown}
 j - 3 potions of curing {unknown}
 k - a potion of heal wounds {unknown}
 t - a potion of berserk rage {unknown}
 z - a potion of degeneration {unknown}
Comestibles
 e - 7 rations {!d}


   Skills:
 * Level 2.2 Fighting
 * Level 2.6 Dodging
 - Level 1.7 Stealth
 * Level 3.6 Spellcasting
 + Level 1.8 Conjurations
 + Level 1.2 Summonings
 - Level 1.0 Translocations


You had 5 spell levels left.
You knew the following spells:

 Your Spells              Type           Power        Failure   Level  Hunger
a - Magic Dart            Conj           ##..         6%          1    None
b - Blink                 Tloc           N/A          14%         2    ##.....
x - Call Imp              Summ           #.......     12%         2    ##.....

Your spell library contained the following spells:

 Spells                   Type           Power        Failure   Level  Hunger
 Slow                     Hex            #.......     21%         2    ##.....
 Conjure Flame            Conj/Fire      #.......     26%         3    ###....
 Mephitic Cloud           Conj/Pois/Air  #.......     30%         3    ###....


Dungeon Overview and Level Annotations

Branches:
Dungeon (3/15)

Altars:
Ashenzari
Cheibriados
Makhleb
Xom


Innate Abilities, Weirdness & Mutations

Your plain brown scales are hard. (AC +5)
You cannot fit into any form of body armour.
You are cold-blooded and may be slowed by cold attacks.


Message History

You miscast Call Imp.
You are very lightly contaminated with residual magic.
Nothing appears to happen.
A beastly little devil appears in a puff of frigid air.
The orc wizard points at you and mumbles some strange words.
The magic dart hits your white imp.
The orc priest looks encouraged for a moment.
Your white imp misses the orc wizard.
The orc wizard hits your white imp but does no damage.
Your white imp gestures at the orc wizard.
The puff of frost hits the orc wizard!
The orc wizard barely misses your white imp.
Your white imp hits the orc wizard.
Your white imp freezes the orc wizard.
The orc wizard dies!
A worm comes into view.
The orc hits your white imp with a +0 hand axe.
Your white imp barely misses the orc.
The orc barely misses your white imp.
Your white imp gestures at the orc.
The puff of frost hits the orc!
The orc dies!
A beastly little devil appears in a puff of flame.
The orc hits your white imp with a +0 club.
Your white imp dies!
A beastly little devil appears in a puff of flame.
Your crimson imp says, "You called?"
Your crimson imp barely misses the orc.
The orc barely misses your crimson imp.
Your crimson imp hits the orc.
The orc barely misses your crimson imp.
Your crimson imp closely misses the orc.
The orc priest invokes the aid of Beogh against you.
Beogh smites you!
You swap places.
The orc closely misses your crimson imp.
Your crimson imp blinks! x2
A beastly little devil appears in a puff of flame.
Your crimson imp blinks!
Your crimson imp blinks!
Your magical contamination has completely faded away.
You swap places.
The orc completely misses your crimson imp.
The orc priest invokes the aid of Beogh against you.
Beogh smites you!
* * * LOW HITPOINT WARNING * * *
Your crimson imp hits the orc.
The orc hits your crimson imp but does no damage.
Your crimson imp blinks!
The orc priest invokes the aid of Beogh against you.
Beogh smites you!
You die...

#.# #. #.# #.# #.
#.# #.# #. #o# #.#
#. #.# #.# #. #o#
#.##########.#. #.#
#.#.........>#.
##.###.#.##.#######.
#5.@......#.#.......
######.#..._..######
#..#.##.#.#
#.##.##...#
#.##.###### #.##.#
#.##.# #.##.# #.##.#


You could see an orc priest, an orc and a friendly crimson imp.

Vanquished Creatures
  2 adders
  3 leopard geckos
  An orc (D:3)
  2 giant cockroaches (D:2)
  5 goblins
  5 hobgoblins
  8 jackals
  4 bats
  3 frilled lizards (D:2)
  4 kobolds
  7 rats
44 creatures vanquished.

Vanquished Creatures (collateral kills)
  An orc wizard (D:3)
  An adder (D:3)
  A worm (D:2)
  5 orcs (D:3)
  2 jackals (D:3)
10 creatures vanquished.

Grand Total: 54 creatures vanquished

Notes
Turn   | Place    | Note
-------+----------+-------------------------------------------
     0 | D:1      | MalarOregon the Draconian Wizard began the quest for the
                  | Orb.
     0 | D:1      | Reached XP level 1. HP: 14/14 MP: 4/4
   327 | D:1      | Reached XP level 2. HP: 21/22 MP: 6/6
   459 | D:1      | Reached skill level 1 in Fighting
   753 | D:2      | Learned a level 2 spell: Call Imp
   756 | D:2      | Learned a level 2 spell: Blink
   780 | D:2      | Found a burning altar of Makhleb.
   784 | D:2      | Found a snail-covered altar of Cheibriados.
   785 | D:2      | Found a shimmering altar of Xom.
   938 | D:2      | Reached XP level 3. HP: 28/28 MP: 5/7
  2161 | D:3      | Reached XP level 4. HP: 9/36 MP: 1/9
  2663 | D:3      | Found a shattered altar of Ashenzari.
  2798 | D:3      | Killed from afar by an orc priest

Levels and vault maps discovered:
D:1:      kennysheep_arrival_forest, layout_rooms, minmay_misc_feat_tiny
D:2:      layout_basic, grunt_temple_overflow_open, st_stairs_6
D:3:      kennysheep_six_static_rooms, layout_basic, lemuel_crystal_altar,
          biasface_ghost_orc_armoury, chequers_garden, minmay_misc_feat_rows

Skill      XL: |  1  2  3 |
---------------+----------+-----
Dodging        | 2 |  2.6
Fighting       | 1 2 |  2.2
Stealth        | |  1.7
Spellcasting   | |  3.6
Conjurations   | |  1.8
Summonings     | |  1.2
Translocations | |  1.0

Action                   |  1- 3 |  4- 6 || total
-------------------------+-------+-------++-------
Melee: Dagger            |   101 |     5 ||   106
       Tailslap          |     7 |       ||     7
 Cast: Magic Dart        |    27 |    17 ||    44
       Call Imp          |     5 |     4 ||     9
 Stab: Sleeping          |     2 |       ||     2
       Distracted        |     1 |       ||     1
  Eat: Chunk             |     3 |     3 ||     6
Armor: Skin              |    31 |     4 ||    35
Dodge: Dodged            |    85 |     5 ||    90

Table legend:
 A = Non-vault XP
 B = Vault XP
 C = Vault XP percentage of total XP
 D = Non-vault monster count
 E = Vault monster count
 F = Vault count percentage of total count
                 A         B        C        D         E       F
            +---------+---------+-------+---------+---------+-------
      Total |     134 |      10 |   6.9 |      47 |       7 |  13.0
            +---------+---------+-------+---------+---------+-------
        D:1 |      28 |       0 |   0.0 |      14 |       0 |   0.0
        D:2 |      38 |       3 |   7.3 |      15 |       2 |  11.8
        D:3 |      68 |       7 |   9.3 |      18 |       5 |  21.7
            +---------+---------+-------+---------+---------+-------
